 Dungeon Crawl Stone Soup version 0.31.0-11-ge490571c62 (webtiles) character file.

Game seed: 6711200504120700847

61 qw the Shooter (level 3, -3/20 HPs)
             Began as a Deep Elf Hunter on Feb 4, 2024.
             Killed from afar by an orc wizard (5 damage)
             ... with a magic dart
             ... on level 3 of the Dungeon.
             The game lasted 00:00:07 (1623 turns).

qw the Shooter (Deep Elf Hunter)                    Turns: 1623, Time: 00:00:07

Health: -3/20      AC:  6    Str: 10    XL:     3   Next: 83%
Magic:  0/5        EV: 11    Int: 13    God:
Gold:   121        SH:  0    Dex: 18    Spells: 2/2 levels left

rFire   . . .        a - +0 shortbow
rCold   . . .        (shield currently unavailable)
rNeg    . . .        j - +0 ring mail
rPois   .            (no helmet)
rElec   .            (no cloak)
rCorr   .            (no gloves)
SInv    .            e - +0 pair of boots
Will    .....        g - amulet of guardian spirit
Stlth   +            (no ring)
HPRegen 0.23/turn    (no ring)
MPRegen 0.09/turn

%: guardian spirit
@: no status effects
A: no striking features
a: no special abilities


You were on level 3 of the Dungeon.
You visited 1 branch of the dungeon, and saw 3 of its levels.

You collected 121 gold pieces.


   Skills:
 - Level 1.5 Fighting
 + Level 7.3 Ranged Weapons
 - Level 2.4 Dodging
 - Level 1.2 Stealth


You had 2 spell levels left.
You didn't know any spells.
Your spell library was empty.

Inventory:

Hand Weapons
 a - a +0 shortbow (weapon)
Armour
 e - a +0 pair of boots (worn)
 j - a +0 ring mail (worn)
Jewellery
 b - a ring of protection from fire
 g - an amulet of guardian spirit (around neck)
Scrolls
 d - a scroll of teleportation
Potions
 c - a potion of heal wounds
 i - a potion of cancellation {unknown}

Dungeon Overview and Level Annotations

Branches:
Dungeon (3/15)

Altars:

Shops:
D:1 [


Message History

You feel less confused. Something hits you.
You shoot an arrow. Something hits you.
You shoot an arrow.
You hear some strange, mumbled words.
Something tries to affect you, but you resist.
You shoot an arrow.
Something hits you but does no damage. x2
You shoot an arrow. Something hits you but does no damage.
You shoot an arrow. Something hits you but does no damage.
You shoot an arrow.
You hear some strange, mumbled words.
You are confused.
You shoot an arrow.
Something hits you but does no damage. x2
You shoot an arrow. Something hits you.
You shoot an arrow.
You hear some strange, mumbled words.
A puff of flame appears from out of thin air!
The puff of flame hits you!
You shoot an arrow. Something hits you.
You shoot an arrow. Something hits you.
You shoot an arrow.
You feel less confused.
You hear some strange, mumbled words.
A magic dart appears from out of thin air!
The magic dart hits you. Something hits you but does no damage.
You shoot an arrow. Something hits you.
You shoot an arrow.
You hear some strange, mumbled words.
A magic dart appears from out of thin air!
The magic dart hits you.
You die...

...............###.##
#.#.........#.......##
......#####....#.....##
#..#.....%.##.........## #
#####.....#.........##
###..............#########
#...#..#.......#......o..
#...##.........#.........
#...#...@{#..#.#########.
###..#....#.#..#...## .
.............##.###..# #
#.####:....#####..###.###
## #.......>.#
#........#... ........<..#
##...........
............##
#...........
.###..##.....#
#........... #.# #####.#
#..%........


There were no monsters in sight!

Vanquished Creatures
  3 dart slugs
  A ribbon worm (D:3)
  3 orcs
  9 endoplasms
  3 giant cockroaches
  A goblin (D:2)
  5 hobgoblins
  3 kobolds
  3 quokkas (D:2)
  5 ball pythons
  3 bats
  2 frilled lizards (D:1)
  5 rats
46 creatures vanquished.

Notes
Turn   | Place    | Note
-------+----------+-------------------------------------------
     0 | D:1      | qw the Deep Elf Hunter began the quest for the Orb.
     0 | D:1      | Reached XP level 1. HP: 12/12 MP: 3/3
     0 | D:1      | 0 ||| qw: Version: 0.3-a-160-g6735b56
     0 | D:1      | 0 ||| qw: Game counter: 4913
     0 | D:1      | 0 ||| qw: Melee chars always use a shield: true
     0 | D:1      | 0 ||| qw: God list: Okawaru
     0 | D:1      | 0 ||| qw: Allow faded altars: false
     0 | D:1      | 0 ||| qw: Do Orc after clearing Dungeon:15 true
     0 | D:1      | 0 ||| qw: Do second Lair branch before Depths: true
     0 | D:1      | 0 ||| qw: Lair rune preference: random
     0 | D:1      | 0 ||| qw: Goals: Normal
     0 | D:1      | 0 ||| PLANNING D:1-11
   234 | D:1      | Found Wujuih's Antique Armour Shoppe.
   237 | D:1      | Reached skill level 6 in Ranged Weapons
   237 | D:1      | Reached XP level 2. HP: 16/16 MP: 4/4
   245 | D:1      | 245 ||| SHOPLISTING scale mail (116 gold, have 16).
   245 | D:1      | 245 ||| SHOPLISTING shiny helmet (217 gold, have 16).
   615 | D:1      | Found a faded altar of an unknown god.
   709 | D:1      | 709 ||| UPGRADING to +0 pair of boots.
   714 | D:1      | 714 ||| UPGRADING to +0 ring mail.
   724 | D:1      | 724 ||| DROPPING +0 leather armour.
   725 | D:1      | 725 ||| DROPPING +6 ring of intelligence.
   726 | D:1      | 726 ||| READING scroll labelled SUTUCR YN XEX.
   730 | D:1      | 730 ||| READING scroll labelled VOSEBROYRI.
   731 | D:1      | 731 ||| DROPPING scroll of butterflies.
   793 | D:2      | Reached XP level 3. HP: 17/20 MP: 5/5
   967 | D:2      | 967 ||| FLEEEEING.
   979 | D:2      | Reached skill level 7 in Ranged Weapons
  1411 | D:2      | 1411 ||| UPGRADING to amulet of guardian spirit.
  1416 | D:2      | 1416 ||| READING 2 scrolls labelled LESIRE BAMAKIU.
  1416 | D:2      | 1416 ||| IDENTIFYING grey potion
  1417 | D:2      | 1417 ||| READING scroll of identify.
  1417 | D:2      | 1417 ||| IDENTIFYING inky potion
  1418 | D:2      | 1418 ||| DROPPING potion of degeneration.
  1584 | D:3      | 1584 ||| FLEEEEING.
  1585 | D:3      | 1585 ||| FLEEEEING.
  1586 | D:3      | 1586 ||| FLEEEEING.
  1587 | D:3      | 1587 ||| FLEEEEING.
  1588 | D:3      | 1588 ||| FLEEEEING.
  1589 | D:3      | 1589 ||| FLEEEEING.
  1590 | D:3      | 1590 ||| FLEEEEING.
  1591 | D:3      | 1591 ||| FLEEEEING.
  1592 | D:3      | 1592 ||| FLEEEEING.
  1595 | D:3      | 1595 ||| FLEEEEING.
  1596 | D:3      | 1596 ||| FLEEEEING.
  1597 | D:3      | 1597 ||| FLEEEEING.
  1598 | D:3      | 1598 ||| FLEEEEING.
  1599 | D:3      | 1599 ||| FLEEEEING.
  1600 | D:3      | 1600 ||| FLEEEEING.
  1621 | D:3      | HP: 2/20 [something/magic dart (5)]
  1623 | D:3      | Killed from afar by an orc wizard

Levels and vault maps discovered:
D:1:      matt_arrival_debris, layout_basic, serial_shops,
          nicolae_shop_statue_plus, hellmonk_ecumenical_altar_slurped_away
D:2:      minmay_inner_zag, layout_loops_ring, serial_bayou_pond_a, st_stairs_7
D:3:      layout_rooms, kennysheep_decorative_pillar,
          nicolae_kite_square_tiling_tiny, chequers_serial_rivers_micro_e,
          goddamned_bats

Skill      XL: |  1  2  3 |
---------------+----------+-----
Ranged Weapons | 6 7 |  7.3
Fighting       | |  1.5
Dodging        | |  2.4
Stealth        | |  1.2

Action                     || total
---------------------------++-------
   Fire: Shortbow          ||   151
    Use: Scroll            ||     4
 Armour: Leather armour    ||     5
         Ring mail         ||    36
  Dodge: Dodged            ||    23

Table legend:
 A = Non-vault XP
 B = Vault XP
 C = Vault XP percentage of total XP
 D = Non-vault monster count
 E = Vault monster count
 F = Vault count percentage of total count
                 A         B        C        D         E       F
            +---------+---------+-------+---------+---------+-------
      Total |      77 |      11 |  12.5 |      40 |       6 |  13.0
            +---------+---------+-------+---------+---------+-------
        D:1 |      32 |       2 |   5.9 |      19 |       1 |   5.0
        D:2 |      33 |       9 |  21.4 |      16 |       5 |  23.8
        D:3 |      12 |       0 |   0.0 |       5 |       0 |   0.0
            +---------+---------+-------+---------+---------+-------
